HSSL
MAIZE HS @ BISHOP VEROT HS
04/29/2030
 
TOP OF THE 1ST
Maize HS batting - Pitching for Bishop Verot HS : RHP Mike Wagner
Pitching: RHP Mike Wagner
Batting: LHB Terry Manning 0-0: Called Strike
0-1: Ball
1-1: Foul Ball, location: 2F
1-2: Foul Ball, location: 2F
1-2: SINGLE (Line Drive, 34)
Batting: RHB Ángelo Cortéz 0-0: Ball
Terry Manning steals 2nd base
1-0: Called Strike
1-1: Ball
2-1: Foul Ball, location: 2F
2-2: Ground out 5-3 (Groundball, 5)
Batting: LHB Scot Godwin 0-0: Ball
1-0: Reached on error, E4 (Groundball, 4)
Terry Manning to third
Batting: LHB Matthis Michaud 0-0: Called Strike
0-1: Foul Ball, location: 2F
0-2: DOUBLE (Groundball, 5L)
Terry Manning scores
Scot Godwin to third
Batting: RHB Dennis Brooks 0-0: Swinging Strike
0-1: SINGLE (Flyball, 7S)
Scot Godwin scores
Matthis Michaud to third
Batting: RHB José Ramírez 0-0: Called Strike
0-1: Ball
1-1: Ball
2-1: Ball
3-1: Called Strike
3-2: Base on Balls
Dennis Brooks to second
Batting: RHB David Cox 0-0: Ball
1-0: SINGLE (Flyball, 89S)
Matthis Michaud scores
Dennis Brooks to third
José Ramírez to second
Batting: RHB Calvin Storey 0-0: Ball
1-0: Foul Ball, location: 2F
1-1: Swinging Strike
1-2: Foul Ball, location: 2F
1-2: Strikes out looking
Batting: SHB Adrian Turner 0-0: SINGLE (Flyball, 78S)
Dennis Brooks scores
José Ramírez to third
David Cox to second
Batting: LHB Terry Manning 0-0: Ball
1-0: Ball
2-0: Foul Ball, location: 2F
2-1: Fly out, F7 (Flyball, 7)
Top of the 1st over - 4 runs, 5 hits, 1 error, 3 left on base; Maize HS 4 - Bishop Verot HS 0
BOTTOM OF THE 1ST
Bishop Verot HS batting - Pitching for Maize HS : RHP Curtis Steele
Pitching: RHP Curtis Steele
Batting: RHB Rafael Sánchez 0-0: Fly out, F9 (Flyball, 89D)
Batting: LHB Fred Peters 0-0: Ball
1-0: Ball
2-0: Foul Ball, location: 2F
2-1: Ball
3-1: Swinging Strike
3-2: Ground out 4-3 (Groundball, 4)
Batting: RHB Martin Davis 0-0: Foul Ball, location: 2F
0-1: Ball
1-1: SINGLE (Groundball, 34D)
Batting: RHB Mike Harris 0-0: Called Strike
0-1: Foul Ball, location: 2F
0-2: Ball
Wild Pitch!
Martin Davis to second
1-2: Ball
2-2: Strikes out swinging
Bottom of the 1st over - 0 runs, 1 hit, 0 errors, 1 left on base; Maize HS 4 - Bishop Verot HS 0
TOP OF THE 2ND
Maize HS batting - Pitching for Bishop Verot HS : RHP Mike Wagner
Batting: RHB Ángelo Cortéz 0-0: Foul Ball, location: 2F
0-1: SINGLE (Line Drive, 89S)
Batting: LHB Scot Godwin 0-0: Called Strike
0-1: Foul Ball, location: 2F
0-2: Ball
1-2: Strikes out swinging
Batting: LHB Matthis Michaud 0-0: Called Strike
Ángelo Cortéz steals 2nd base
0-1: Ball
1-1: Ball
2-1: Called Strike
2-2: Ball
3-2: Ground out U3 (Groundball, 34S)
Ángelo Cortéz to third
Batting: RHB Dennis Brooks 0-0: Called Strike
0-1: Foul Ball, location: 2F
0-2: Ball
1-2: Strikes out swinging
Top of the 2nd over - 0 runs, 1 hit, 0 errors, 1 left on base; Maize HS 4 - Bishop Verot HS 0
BOTTOM OF THE 2ND
Bishop Verot HS batting - Pitching for Maize HS : RHP Curtis Steele
Batting: LHB Mario Rodríguez 0-0: Foul Ball, location: 2F
0-1: Reached on error, E4 (Groundball, 4)
Batting: RHB Bob Williams 0-0: Ball
1-0: Ball
2-0: Ball
3-0: Base on Balls
Batting: RHB Frank Rangel 0-0: Called Strike
0-1: Called Strike
0-2: Strikes out swinging
Batting: RHB Jorge Franco 0-0: Swinging Strike
0-1: Ball
1-1: Swinging Strike
1-2: Ball
2-2: Foul Ball, location: 2F
2-2: Strikes out looking
Batting: RHB José Mejía 0-0: Ball
1-0: Foul Ball, location: 2F
1-1: Ball
2-1: Foul Ball, location: 2F
2-2: Ball
3-2: Foul Ball, location: 2F
3-2: Ground out 6-3 (Groundball, 6)
Bottom of the 2nd over - 0 runs, 0 hits, 1 error, 2 left on base; Maize HS 4 - Bishop Verot HS 0
TOP OF THE 3RD
Maize HS batting - Pitching for Bishop Verot HS : RHP Mike Wagner
Batting: RHB José Ramírez 0-0: Reached on error, E6 (Groundball, 6)
Batting: RHB David Cox 0-0: Called Strike
0-1: Ball
1-1: Ball
2-1: Ball
3-1: Base on Balls
José Ramírez to second
Batting: RHB Calvin Storey 0-0: Called Strike
0-1: Swinging Strike
0-2: Strikes out looking
Batting: SHB Adrian Turner 0-0: SINGLE (Line Drive, 89S)
José Ramírez to third
David Cox to second
Batting: LHB Terry Manning 0-0: Fielders Choice at 2nd, 4-6 (Groundball, 34)
José Ramírez scores
David Cox to third
Batting: RHB Ángelo Cortéz 0-0: Ball
1-0: Ball
2-0: Ground out 4-3 (Groundball, 34)
Top of the 3rd over - 1 run, 1 hit, 1 error, 2 left on base; Maize HS 5 - Bishop Verot HS 0
BOTTOM OF THE 3RD
Bishop Verot HS batting - Pitching for Maize HS : RHP Curtis Steele
Batting: RHB Rafael Sánchez 0-0: Swinging Strike
0-1: Ball
1-1: Ball
2-1: Swinging Strike
2-2: Foul Ball, location: 2F
2-2: Ball
3-2: Foul Ball, location: 2F
3-2: Base on Balls
Batting: LHB Fred Peters 0-0: Called Strike
0-1: Swinging Strike
0-2: Foul Ball, location: 2F
0-2: Fly out, F8 (Flyball, 8LM)
Batting: RHB Martin Davis 0-0: Called Strike
0-1: Ball
Passed Ball!
Rafael Sánchez to second
1-1: Ball
2-1: Ball
3-1: Foul Ball, location: 2F
3-2: Base on Balls
Batting: RHB Mike Harris 0-0: Reached on error, E7 (Flyball, 7)
Rafael Sánchez to third
Martin Davis to second
Batting: LHB Mario Rodríguez 0-0: Foul Ball, location: 2F
0-1: Swinging Strike
0-2: Ball
1-2: Ball
2-2: Ball
3-2: Foul Ball, location: 2F
3-2: Base on Balls
Rafael Sánchez scores
Martin Davis to third
Mike Harris to second
Batting: RHB Bob Williams 0-0: Ball
1-0: Ball
2-0: Grounds into double play, 6-4-3 (Groundball, 6)
Bottom of the 3rd over - 1 run, 0 hits, 1 error, 2 left on base; Maize HS 5 - Bishop Verot HS 1
TOP OF THE 4TH
Maize HS batting - Pitching for Bishop Verot HS : RHP Mike Wagner
Batting: LHB Scot Godwin 0-0: Ball
1-0: Swinging Strike
1-1: Ball
2-1: Ball
3-1: Foul Ball, location: 2F
3-2: Base on Balls
Batting: LHB Matthis Michaud 0-0: Ball
1-0: Foul Ball, location: 2F
1-1: SINGLE (Groundball, 34D)
Scot Godwin to second
Runner from 2nd tries for 3rd, SAFE, no throw
Batting: RHB Dennis Brooks 0-0: DOUBLE (Groundball, 5L)
Scot Godwin scores
Matthis Michaud to third
Pitching: RHP Jason Holland
Batting: RHB José Ramírez 0-0: Ball
1-0: Ball
2-0: Ball
3-0: Base on Balls
Batting: RHB David Cox 0-0: SINGLE (Flyball, 9LS)
Matthis Michaud scores
Dennis Brooks to third
José Ramírez to second
Runner from 3rd tries for Home, SAFE, no throw
Batting: RHB Calvin Storey 0-0: Foul Ball, location: 2F
0-1: Ball
1-1: Swinging Strike
1-2: Foul Ball, location: 2F
1-2: Strikes out swinging
Batting: SHB Adrian Turner 0-0: SINGLE (Groundball, 6S) (infield hit)
José Ramírez to third
David Cox to second
Batting: LHB Terry Manning 0-0: Called Strike
0-1: Ball
1-1: Ball
2-1: Fly out, F3 (Popup, 3S)
Batting: RHB Ángelo Cortéz 0-0: Fly out, F9 (Flyball, 9)
Top of the 4th over - 3 runs, 4 hits, 0 errors, 3 left on base; Maize HS 8 - Bishop Verot HS 1
BOTTOM OF THE 4TH
Bishop Verot HS batting - Pitching for Maize HS : RHP Curtis Steele
Batting: RHB Frank Rangel 0-0: Ball
1-0: Ball
2-0: Foul Ball, location: 2F
2-1: Ball
3-1: Called Strike
3-2: Strikes out swinging
Batting: RHB Jorge Franco 0-0: Foul Ball, location: 2F
0-1: Ball
1-1: Ball
2-1: Foul Ball, location: 2F
2-2: Foul Ball, location: 2F
2-2: Foul Ball, location: 2F
2-2: Fly out, F8 (Flyball, 8RM)
Batting: RHB José Mejía 0-0: Ball
1-0: Fly out, F8 (Flyball, 8RM)
Bottom of the 4th over - 0 runs, 0 hits, 0 errors, 0 left on base; Maize HS 8 - Bishop Verot HS 1
TOP OF THE 5TH
Maize HS batting - Pitching for Bishop Verot HS : RHP Jason Holland
Batting: LHB Scot Godwin 0-0: Ball
1-0: Called Strike
1-1: Foul Ball, location: 2F
1-2: Ground out 4-3 (Groundball, 4M)
Batting: LHB Matthis Michaud 0-0: Ball
1-0: Ball
2-0: Ball
3-0: Called Strike
3-1: Foul Ball, location: 2F
3-2: Ground out 2-3 (Groundball, 15S)
Batting: RHB Dennis Brooks 0-0: Foul Ball, location: 2F
0-1: SOLO HOME RUN (Line Drive, 89XD), Distance : 389 ft
Batting: RHB José Ramírez 0-0: Ground out 5-3 (Groundball, 56S)
Top of the 5th over - 1 run, 1 hit, 0 errors, 0 left on base; Maize HS 9 - Bishop Verot HS 1
BOTTOM OF THE 5TH
Bishop Verot HS batting - Pitching for Maize HS : RHP Curtis Steele
Pitching: LHP Eric Milligan
Batting: RHB Rafael Sánchez 0-0: Ball
1-0: Called Strike
1-1: Foul Ball, location: 2F
1-2: Ball
2-2: Fly out, F8 (Flyball, 8RM)
Batting: LHB Fred Peters 0-0: Called Strike
0-1: Ball
1-1: Reached on error, E4 (Groundball, 4M)
Batting: RHB Martin Davis 0-0: Foul Ball, location: 2F
0-1: Ball
1-1: Called Strike
1-2: Ball
2-2: Foul Ball, location: 2F
2-2: Strikes out looking
Batting: RHB Mike Harris 0-0: Called Strike
0-1: Ball
1-1: Ball
2-1: Ball
3-1: Base on Balls
Batting: LHB Mario Rodríguez 0-0: Ball
1-0: Ball
2-0: Ball
3-0: Base on Balls
Fred Peters to third
Mike Harris to second
Batting: RHB Bob Williams 0-0: Ball
1-0: Fielders Choice at 2nd, 6-4 (Groundball, 56)
Bottom of the 5th over - 0 runs, 0 hits, 1 error, 3 left on base; Maize HS 9 - Bishop Verot HS 1
TOP OF THE 6TH
Maize HS batting - Pitching for Bishop Verot HS : RHP Jason Holland
Batting: RHB David Cox 0-0: Ball
1-0: Ball
2-0: Ball
3-0: Called Strike
3-1: Reached on error, E6 (Groundball, 6)
Batting: RHB Calvin Storey 0-0: Foul Ball, location: 2F
0-1: Foul Ball, location: 2F
0-2: Ball
1-2: Ball
2-2: Ball
3-2: Ground out 4-3 (Groundball, 4)
David Cox to third
Batting: SHB Adrian Turner 0-0: Fly out, F7 (Flyball, 7S)
Batting: LHB Terry Manning 0-0: Ball
1-0: Ball
2-0: Ball
3-0: Called Strike
3-1: Foul Ball, location: 2F
3-2: Strikes out swinging
Top of the 6th over - 0 runs, 0 hits, 1 error, 1 left on base; Maize HS 9 - Bishop Verot HS 1
BOTTOM OF THE 6TH
Bishop Verot HS batting - Pitching for Maize HS : LHP Eric Milligan
Batting: RHB Frank Rangel 0-0: Foul Ball, location: 2F
0-1: Called Strike
0-2: Strikes out swinging
Batting: RHB Jorge Franco 0-0: Ball
1-0: Foul Ball, location: 2F
1-1: Foul Ball, location: 2F
1-2: Ball
2-2: Foul Ball, location: 2F
2-2: SINGLE (Line Drive, 8LS)
Batting: RHB José Mejía 0-0: Called Strike
0-1: SINGLE (Groundball, 4MD)
Jorge Franco to second
Batting: RHB Rafael Sánchez 0-0: Called Strike
0-1: Grounds into double play, 5-4-3 (Groundball, 5)
Bottom of the 6th over - 0 runs, 2 hits, 0 errors, 1 left on base; Maize HS 9 - Bishop Verot HS 1
TOP OF THE 7TH
Maize HS batting - Pitching for Bishop Verot HS : RHP Jason Holland
Batting: RHB Ángelo Cortéz 0-0: Ball
1-0: Swinging Strike
1-1: Called Strike
1-2: Strikes out swinging
Batting: LHB Scot Godwin 0-0: Foul Ball, location: 2F
0-1: Foul Ball, location: 2F
0-2: Fly out, F9 (Line Drive, 9S)
Batting: LHB Matthis Michaud 0-0: Ball
1-0: Ball
2-0: Ball
3-0: Base on Balls
Batting: RHB Dennis Brooks 0-0: SINGLE (Groundball, 34S) (infield hit)
Matthis Michaud to second
Batting: RHB José Ramírez 0-0: Called Strike
0-1: Swinging Strike
0-2: Ball
1-2: SINGLE (Flyball, 9S)
Matthis Michaud to third
Dennis Brooks to second
Runner from 3rd tries for Home, SAFE, no throw
Batting: RHB David Cox 0-0: Called Strike
0-1: Ball
Wild Pitch!
Dennis Brooks to third
José Ramírez to second
1-1: Ball
2-1: Foul Ball, location: 2F
2-2: Hit by Pitch
Batting: RHB Calvin Storey 0-0: Ball
1-0: Ball
2-0: Ball
3-0: Base on Balls
Dennis Brooks scores
José Ramírez to third
David Cox to second
Batting: SHB Adrian Turner 0-0: Foul Ball, location: 2F
0-1: Ball
1-1: Ball
2-1: Foul Ball, location: 2F
2-2: Fly out, F8 (Flyball, 8LS)
Top of the 7th over - 2 runs, 2 hits, 0 errors, 3 left on base; Maize HS 11 - Bishop Verot HS 1
BOTTOM OF THE 7TH
Bishop Verot HS batting - Pitching for Maize HS : LHP Eric Milligan
Batting: LHB Fred Peters 0-0: Ground out 5-3 (Groundball, 56)
Batting: RHB Martin Davis 0-0: Called Strike
0-1: Ball
1-1: Ball
2-1: Ball
3-1: Base on Balls
Batting: RHB Mike Harris 0-0: Ball
1-0: Called Strike
1-1: Ball
2-1: Ball
3-1: Hit by Pitch
Martin Davis to second
Batting: LHB Mario Rodríguez 0-0: Foul Ball, location: 2F
0-1: Ball
1-1: Swinging Strike
1-2: Foul Ball, location: 2F
1-2: Foul Ball, location: 2F
1-2: Strikes out swinging
Batting: RHB Bob Williams 0-0: Ball
1-0: Ground out 1-3 (Groundball, P)
Bottom of the 7th over - 0 runs, 0 hits, 0 errors, 2 left on base; Maize HS 11 - Bishop Verot HS 1
TOP OF THE 8TH
Maize HS batting - Pitching for Bishop Verot HS : RHP Jason Holland
Batting: LHB Terry Manning 0-0: Ball
1-0: Ball
2-0: Called Strike
2-1: Swinging Strike
2-2: Foul Ball, location: 2F
2-2: Ball
3-2: Base on Balls
Pitching: LHP Fernando Zúńiga
Batting: RHB Ángelo Cortéz 0-0: Called Strike
0-1: Ball
1-1: Hit by Pitch
Terry Manning to second
Batting: LHB Scot Godwin 0-0: SINGLE (Groundball, 56) (infield hit)
Terry Manning to third
Ángelo Cortéz to second
Batting: LHB Matthis Michaud 0-0: Called Strike
0-1: Foul Ball, location: 2F
0-2: Foul Ball, location: 2F
0-2: SINGLE (Groundball, 34D)
Terry Manning scores
Ángelo Cortéz to third
Scot Godwin to second
Runner from 3rd tries for Home, SAFE, no throw
Batting: RHB Dennis Brooks 0-0: Called Strike
0-1: Ball
1-1: DOUBLE (Groundball, 5L)
Scot Godwin scores
Matthis Michaud to third
Batting: RHB José Ramírez 0-0: Ball
1-0: Swinging Strike
1-1: Swinging Strike
1-2: Strikes out swinging
Batting: RHB David Cox 0-0: Called Strike
0-1: Ball
1-1: Ball
2-1: Fly out, F7 (Flyball, 7LSF)
Runner from 3rd tags up, SCORES, no throw
Batting: RHB Calvin Storey 0-0: Ball
1-0: Ground out 3-1 (Groundball, 34)
Top of the 8th over - 4 runs, 3 hits, 0 errors, 1 left on base; Maize HS 15 - Bishop Verot HS 1
BOTTOM OF THE 8TH
Bishop Verot HS batting - Pitching for Maize HS : LHP Eric Milligan
Batting: RHB Frank Rangel 0-0: Ball
1-0: Called Strike
1-1: Ground out 5-3 (Groundball, 5)
Pitching: RHP Alejandro Hernández
Batting: RHB Jorge Franco 0-0: Ball
1-0: Called Strike
1-1: Fly out, F9 (Flyball, 9LM)
Batting: RHB José Mejía 0-0: Ball
1-0: Called Strike
1-1: Swinging Strike
1-2: Foul Ball, location: 2F
1-2: Strikes out swinging
Bottom of the 8th over - 0 runs, 0 hits, 0 errors, 0 left on base; Maize HS 15 - Bishop Verot HS 1
TOP OF THE 9TH
Maize HS batting - Pitching for Bishop Verot HS : LHP Fernando Zúńiga
Batting: SHB Adrian Turner 0-0: Called Strike
0-1: Fly out, F8 (Flyball, 8RD)
Batting: LHB Terry Manning 0-0: Ball
1-0: Ball
2-0: Called Strike
2-1: Called Strike
2-2: Foul Ball, location: 2F
2-2: Ball
3-2: Foul Ball, location: 2F
3-2: Base on Balls
Batting: RHB Ángelo Cortéz 0-0: Ball
1-0: Fly out, F9 (Flyball, 9S)
Batting: LHB Scot Godwin 0-0: Ball
1-0: Ball
2-0: Ball
3-0: Called Strike
3-1: Base on Balls
Terry Manning to second
Batting: LHB Matthis Michaud 0-0: Ball
1-0: SINGLE (Flyball, 5D)
Terry Manning to third
Scot Godwin to second
Runner from 3rd tries for Home, SAFE, throw made home
Batting: RHB Dennis Brooks 0-0: Ball
1-0: Ball
2-0: Ball
3-0: Base on Balls
Scot Godwin to third
Matthis Michaud to second
Batting: RHB José Ramírez 0-0: Called Strike
0-1: Called Strike
0-2: Strikes out swinging
Top of the 9th over - 1 run, 1 hit, 0 errors, 3 left on base; Maize HS 16 - Bishop Verot HS 1
BOTTOM OF THE 9TH
Bishop Verot HS batting - Pitching for Maize HS : RHP Alejandro Hernández
Batting: RHB Rafael Sánchez 0-0: Ball
1-0: Foul Ball, location: 2F
1-1: Ball
2-1: Ball
3-1: Ground out 1-3 (Groundball, P)
Batting: LHB Fred Peters 0-0: Ball
1-0: Ball
2-0: Ball
3-0: Base on Balls
Batting: RHB Martin Davis 0-0: Ball
1-0: Foul Ball, location: 2F
1-1: Ball
2-1: Grounds into double play, 4-6-3 (Groundball, 4)
Bottom of the 9th over - 0 runs, 0 hits, 0 errors, 0 left on base; Maize HS 16 - Bishop Verot HS 1
Saturday, April 7th, 2018 - OOTP Baseball 18.8 Build 76